[Event "V. Korchnoi Memorial 2019"]
[Site "St. Petersburg"]
[Date "2019.08.20"]
[Round "7.9"]
[White "Vorobiov, Evgeny E."]
[Black "Bykov, Oleg"]
[Result "1-0"]
[ECO "A64"]
[WhiteElo "2560"]
[BlackElo "2382"]
[Annotator "ChessBase"]
[PlyCount "125"]
[EventDate "2019.08.13"]
[EventType "swiss"]
[EventCountry "RUS"]
[SourceTitle "playchess.com"]
[Source "ChessBase"]
[SourceQuality "1"]
[TimeControl "5400+30"]

1. d4 Nf6 2. c4 e6 3. g3 c5 4. d5 exd5 5. cxd5 d6 6. Nc3 g6 7. Bg2 Bg7 8. Nf3 O-O 9. O-O Re8 10. Nd2 a6 11. a4 Nbd7 12. h3 Rb8 13. Nc4 Ne5 14. Na3 Nh5 15. e4 Bd7 16. a5 Qxa5 17. g4 Nf6 18. f4 Nexg4 19. hxg4 Nxg4 20. f5 h5 21. Bg5 Qb4 22. f6 Bh8 23. Qd2 Re5 24. Nc2 Qb3 25. Bh4 c4 26. Bh3 Qb6+ 27. Qd4 Qxd4+ 28. Nxd4 Nxf6 29. Bxf6 Bxh3 30. Bxe5 Bxe5 31. Rfd1 Bg4 32. Rd2 Bf4 33. Rf2 Be3 34. Nc2 Bxf2+ 35. Kxf2 Bd7 36. Ke3 f5 37. Nd4 Rf8 38. exf5 Bxf5 39. Nxf5 Rxf5 40. Ne4 Kf8 41. Kd4 Ke7 42. Rg1 g5 43. Nxg5 h4 44. Rg4 b5 45. Nh3 Rf3 46. Rxh4 Rd3+ 47. Ke4 Rd2 48. Rh7+ Kd8 49. Kf5 Rxd5+ 50. Ke6 Rd4 51. Ng5 Rd2 52. Ne4 Rxb2 53. Rd7+ Kc8 54. Nxd6+ Kb8 55. Kd5 Rh2 56. Kc6 Rh8 57. Kb6 c3 58. Nf7 Rc8 59. Ne5 Rh8 60. Nf7 c2 61. Rb7+ Ka8 62. Rc7 Re8 63. Ne5 1-0

[Event "V. Korchnoi Memorial 2019"]
[Site "St. Petersburg"]
[Date "2019.08.20"]
[Round "7.10"]
[White "Sorokin, Aleksey"]
[Black "Palchun, Grigory"]
[Result "1-0"]
[ECO "E21"]
[WhiteElo "2537"]
[BlackElo "2368"]
[Annotator "ChessBase"]
[PlyCount "104"]
[EventDate "2019.08.13"]
[EventType "swiss"]
[EventCountry "RUS"]
[SourceTitle "playchess.com"]
[Source "ChessBase"]
[SourceQuality "1"]
[TimeControl "5400+30"]

1. d4 Nf6 2. c4 e6 3. Nc3 Bb4 4. g3 O-O 5. Bg2 d5 6. Nf3 b6 7. O-O Bb7 8. Ne5 c6 9. Bg5 Be7 10. Qa4 Nfd7 11. Bxe7 Qxe7 12. Nd3 Na6 13. Rad1 Rfd8 14. Rfe1 Nc7 15. e4 dxc4 16. Qxc4 Ba6 17. Qb4 c5 18. Qa3 Bxd3 19. Rxd3 Ne5 20. Rdd1 Nc4 21. Qb3 cxd4 22. Qxc4 dxc3 23. Qxc3 e5 24. Bf1 Rac8 25. Rc1 Ne8 26. Qxc8 Rxc8 27. Rxc8 h5 28. Bb5 Qb4 29. Rxe8+ Kh7 30. Re3 Qxb5 31. Re7 Qxb2 32. Rxa7 f6 33. h3 Kh6 34. Kg2 Qc2 35. a3 Qc6 36. Rf7 Kg6 37. Rf8 Qd7 38. Rh8 Qc7 39. g4 hxg4 40. Rg3 f5 41. exf5+ Kxf5 42. Rf8+ Ke6 43. Rxg4 Qc6+ 44. Kh2 Qc7 45. Rf3 e4+ 46. Rfg3 Qc2 47. Kg2 Kd6 48. Rg6+ Ke5 49. Rxb6 Qc7 50. Rbg6 Qb7 51. Rxg7 Qa8 52. Re3 Kd5 1-0

[Event "V. Korchnoi Memorial 2019"]
[Site "St. Petersburg"]
[Date "2019.08.21"]
[Round "8.3"]
[White "Iljiushenok, Ilia"]
[Black "Lobanov, Sergei"]
[Result "1/2-1/2"]
[ECO "C84"]
[WhiteElo "2533"]
[BlackElo "2495"]
[Annotator "ChessBase"]
[PlyCount "92"]
[EventDate "2019.08.13"]
[EventType "swiss"]
[EventCountry "RUS"]
[SourceTitle "playchess.com"]
[Source "ChessBase"]
[SourceQuality "1"]
[TimeControl "5400+30"]

1. e4 e5 2. Nf3 Nc6 3. Bb5 a6 4. Ba4 Nf6 5. O-O Be7 6. d3 b5 7. Bb3 d6 8. a4 b4 9. a5 O-O 10. h3 Rb8 11. Nbd2 Be6 12. Nc4 Nd4 13. Nxd4 exd4 14. Nd2 d5 15. exd5 Bxd5 16. Bc4 Bb7 17. Re1 Qd7 18. Ne4 Nd5 19. Qh5 f6 20. c3 dxc3 21. bxc3 Kh8 22. cxb4 Bxb4 23. Rf1 Rbe8 24. Rb1 Re5 25. Qh4 c5 26. Bd2 Bxd2 27. Nxd2 Nb4 28. Nb3 Qc6 29. f3 Nc2 30. Qf2 Ne3 31. Rfe1 Rfe8 32. Nd2 Qc7 33. Rxe3 Rxe3 34. Ne4 Bxe4 35. Qxe3 Bg6 36. Qd2 Qd6 37. Rb6 Qd4+ 38. Kh2 h6 39. Rxa6 Rd8 40. Qe2 Bxd3 41. Bxd3 Qxd3 42. Qxd3 Rxd3 43. Rc6 Rc3 44. a6 Ra3 45. Kg3 c4 46. Rxc4 Rxa6 1/2-1/2

[Event "V. Korchnoi Memorial 2019"]
[Site "St. Petersburg"]
[Date "2019.08.21"]
[Round "8.5"]
[White "Mokshanov, Alexey"]
[Black "Vorobiov, Evgeny E."]
[Result "1/2-1/2"]
[ECO "B27"]
[WhiteElo "2447"]
[BlackElo "2560"]
[Annotator "ChessBase"]
[PlyCount "73"]
[EventDate "2019.08.13"]
[EventType "swiss"]
[EventCountry "RUS"]
[SourceTitle "playchess.com"]
[Source "ChessBase"]
[SourceQuality "1"]
[TimeControl "5400+30"]

1. e4 c5 2. Nf3 g6 3. c3 Bg7 4. d4 cxd4 5. cxd4 d5 6. e5 a6 7. Bd3 Nc6 8. O-O f6 9. Nbd2 fxe5 10. Nxe5 Nxe5 11. dxe5 Nh6 12. Qa4+ Qd7 13. Qa3 O-O 14. f4 b5 15. Qc5 Bb7 16. Qd4 Nf5 17. Bxf5 Qxf5 18. Nb3 Rac8 19. Qb6 Ba8 20. Bd2 Rc4 21. Rae1 d4 22. Nxd4 Qd3 23. Be3 Bd5 24. b3 Rc3 25. Rf2 Rfc8 26. h3 Bh6 27. Qxa6 Qe4 28. Nf3 e6 29. Bd2 Qd3 30. Bxc3 Qxc3 31. Rd2 Ra8 32. Qb6 Bxf3 33. Qxe6+ Kh8 34. Qf6+ Kg8 35. Qe6+ Kh8 36. Qf6+ Kg8 37. Qe6+ 1/2-1/2

[Event "V. Korchnoi Memorial 2019"]
[Site "St. Petersburg"]
[Date "2019.08.21"]
[Round "8.6"]
[White "Lintchevski, Daniil"]
[Black "Samusenko, Maksim"]
[Result "1-0"]
[ECO "B07"]
[WhiteElo "2538"]
[BlackElo "2438"]
[Annotator "ChessBase"]
[PlyCount "175"]
[EventDate "2019.08.13"]
[EventType "swiss"]
[EventCountry "RUS"]
[SourceTitle "playchess.com"]
[Source "ChessBase"]
[SourceQuality "1"]
[TimeControl "5400+30"]

1. e4 d6 2. d4 Nf6 3. Nc3 e5 4. dxe5 dxe5 5. Qxd8+ Kxd8 6. Bc4 Ke8 7. Nf3 Bd6 8. Bg5 Nbd7 9. O-O-O a6 10. a4 h6 11. Bh4 Kf8 12. Nd2 g6 13. f3 Kg7 14. Kb1 Rb8 15. Be2 Re8 16. Nc4 Bb4 17. Na2 Bf8 18. a5 Nh5 19. Rhe1 Nf4 20. Bf1 b5 21. Ne3 c5 22. Nc3 c4 23. Ncd5 Ne6 24. Ng4 Ng5 25. Bg3 Rb7 26. h4 Nh7 27. h5 Bc5 28. hxg6 fxg6 29. Bf2 Bf8 30. Be3 h5 31. Bh6+ Kf7 32. Bxf8 Nhxf8 33. Nge3 Nc5 34. g3 Rd8 35. Bg2 Rbd7 36. f4 exf4 37. gxf4 Re8 38. e5 Bb7 39. Bh3 Rdd8 40. Nf6 Rxd1+ 41. Rxd1 Re7 42. Rd6 Rc7 43. Ned5 Rc6 44. e6+ Nfxe6 45. Bxe6+ Kg7 46. Rxc6 Bxc6 47. Bh3 Nb7 48. Kc1 Nxa5 49. Kd2 Nb7 50. Ke3 a5 51. Kd4 Nd6 52. c3 b4 53. cxb4 axb4 54. Nxb4 Kxf6 55. Nxc6 g5 56. fxg5+ Kxg5 57. Ne5 c3 58. Kxc3 Kf4 59. Nc4 Nb5+ 60. Kd3 h4 61. Bd7 Nc7 62. b4 Na6 63. Kc3 Kg3 64. b5 Nc7 65. Kd2 Nxb5 66. Bxb5 h3 67. Ke2 Kg2 68. Bc6+ Kg1 69. Ne5 h2 70. Nf3+ Kg2 71. Ng5+ Kg3 72. Bh1 Kf4 73. Nf3 Kg3 74. Ke3 Kg4 75. Nxh2+ Kf5 76. Be4+ Kg5 77. Nf3+ Kg4 78. Bg6 Kg3 79. Bf5 Kg2 80. Kf4 Kf2 81. Bd3 Kg2 82. Ne1+ Kf2 83. Nc2 Kg2 84. Be2 Kh3 85. Ne3 Kh4 86. Nf5+ Kh3 87. Kf3 Kh2 88. Bf1 1-0

[Event "V. Korchnoi Memorial 2019"]
[Site "St. Petersburg"]
[Date "2019.08.21"]
[Round "8.7"]
[White "Sichinava, Zviad"]
[Black "Sorokin, Aleksey"]
[Result "1-0"]
[ECO "D85"]
[WhiteElo "2257"]
[BlackElo "2537"]
[Annotator "ChessBase"]
[PlyCount "83"]
[EventDate "2019.08.13"]
[EventType "swiss"]
[EventCountry "RUS"]
[SourceTitle "playchess.com"]
[Source "ChessBase"]
[SourceQuality "1"]
[TimeControl "5400+30"]

1. d4 Nf6 2. c4 g6 3. Nc3 d5 4. cxd5 Nxd5 5. Qa4+ Nc6 6. Nf3 Bg7 7. e4 Nb6 8. Qc2 e5 9. d5 Nd4 10. Nxd4 exd4 11. Nb5 c6 12. dxc6 O-O 13. c7 Qf6 14. f4 Qh4+ 15. g3 Qe7 16. e5 Bd7 17. Nxd4 f6 18. Qb3+ Rf7 19. e6 Ba4 20. Qe3 Rff8 21. f5 Qxc7 22. Bg2 Nc4 23. Qc3 Rfd8 24. b3 Qb6 25. bxc4 Qxd4 26. Qxd4 Rxd4 27. Bxb7 Rad8 28. e7 Re8 29. Bd5+ Rxd5 30. cxd5 Rxe7+ 31. Kf2 Rd7 32. Rb1 gxf5 33. Rb4 Bc2 34. Rd4 Bf8 35. Be3 Bc5 36. Rc4 Bxe3+ 37. Kxe3 Be4 38. Rd1 Bxd5 39. Rc8+ Kf7 40. Kf4 Ke6 41. Rc5 a6 42. Ra5 1-0

[Event "V. Korchnoi Memorial 2019"]
[Site "St. Petersburg"]
[Date "2019.08.21"]
[Round "8.8"]
[White "Gubajdullin, Alexei"]
[Black "Hamitevici, Vladimir"]
[Result "0-1"]
[ECO "A46"]
[WhiteElo "2331"]
[BlackElo "2480"]
[Annotator "ChessBase"]
[PlyCount "98"]
[EventDate "2019.08.13"]
[EventType "swiss"]
[EventCountry "RUS"]
[SourceTitle "playchess.com"]
[Source "ChessBase"]
[SourceQuality "1"]
[TimeControl "5400+30"]

1. d4 c5 2. c3 Nf6 3. Nf3 g6 4. dxc5 Bg7 5. Bf4 O-O 6. Nbd2 Nc6 7. e4 b6 8. cxb6 Qxb6 9. Nc4 Qc5 10. b4 Qh5 11. e5 Ne4 12. Qd3 Qf5 13. g3 Ba6 14. Nh4 Qe6 15. Qxe4 d5 16. Qe3 dxc4 17. Nf3 f6 18. Bg2 g5 19. Qc5 gxf4 20. b5 Bb7 21. bxc6 Qxc6 22. Qxc6 Bxc6 23. e6 f5 24. Rc1 Rad8 25. O-O Rd3 26. Ne1 f3 27. Bh1 Rfd8 28. Nxd3 cxd3 29. c4 d2 30. Rcd1 Bc3 31. h3 h5 32. Kh2 Kg7 33. Rb1 Be4 34. Rb3 d1=Q 35. Rxd1 Rxd1 36. Rxc3 Rf1 37. g4 hxg4 38. hxg4 fxg4 39. c5 Bc6 40. Rc4 g3+ 41. Kxg3 Rxh1 42. Rf4 Rg1+ 43. Kh3 Kh6 44. Rh4+ Kg5 45. Rd4 Kf5 46. Rd7 Bxd7 47. exd7 Rg8 48. c6 Ke6 49. c7 Kxd7 0-1

[Event "V. Korchnoi Memorial 2019"]
[Site "St. Petersburg"]
[Date "2019.08.21"]
[Round "8.9"]
[White "Fakhrutdinov, Timur"]
[Black "Ovchinnikov, Vsevolod"]
[Result "1-0"]
[ECO "C16"]
[WhiteElo "2499"]
[BlackElo "2316"]
[Annotator "ChessBase"]
[PlyCount "133"]
[EventDate "2019.08.13"]
[EventType "swiss"]
[EventCountry "RUS"]
[SourceTitle "playchess.com"]
[Source "ChessBase"]
[SourceQuality "1"]
[TimeControl "5400+30"]

1. e4 e6 2. d4 d5 3. Nc3 Bb4 4. e5 b6 5. a3 Bf8 6. Bb5+ Bd7 7. Bd3 c5 8. Nf3 Nc6 9. O-O a6 10. b3 cxd4 11. Ne2 Qc7 12. Bf4 Nge7 13. Nexd4 Ng6 14. Bg3 Nxd4 15. Nxd4 Bc5 16. Nf3 b5 17. Ng5 Nf8 18. Qg4 Bc6 19. Nf3 g6 20. b4 Bb6 21. Bh4 h6 22. Bf6 Rg8 23. Qh4 Nd7 24. Qxh6 Nxf6 25. exf6 O-O-O 26. Qg5 Rh8 27. Qe5 d4 28. Rfe1 Bxf3 29. gxf3 Rd5 30. Qxc7+ Bxc7 31. a4 Bxh2+ 32. Kf1 Bd6 33. Be4 Rh1+ 34. Ke2 Rxe1+ 35. Rxe1 Rh5 36. axb5 Rxb5 37. Rh1 Rh5 38. Ra1 Be5 39. Rxa6 Bxf6 40. Ra8+ Kc7 41. Ra7+ Kd6 42. Rxf7 Be7 43. Kd3 Rb5 44. Kc4 Rb8 45. Bxg6 Bh4 46. Be4 Bxf2 47. b5 Be3 48. Bc6 e5 49. Rf6+ Ke7 50. Rg6 Kf7 51. Rd6 Ke7 52. Kd5 Bf4 53. Rd7+ Kf6 54. Bb7 Rh8 55. Kc5 Be3 56. Kc4 Rh1 57. Be4 Rb1 58. Rd6+ Ke7 59. Ra6 Kd7 60. Bd3 Bg5 61. Kd5 Bf4 62. Ra7+ Ke8 63. Kc6 Kd8 64. b6 Rb2 65. Rd7+ Ke8 66. Bg6+ Kf8 67. Be4 1-0

[Event "V. Korchnoi Memorial 2019"]
[Site "St. Petersburg"]
[Date "2019.08.22"]
[Round "9.1"]
[White "Kamsky, Gata"]
[Black "Sichinava, Zviad"]
[Result "1-0"]
[ECO "A48"]
[WhiteElo "2673"]
[BlackElo "2257"]
[Annotator "ChessBase"]
[PlyCount "78"]
[EventDate "2019.08.13"]
[EventType "swiss"]
[EventCountry "RUS"]
[SourceTitle "playchess.com"]
[Source "ChessBase"]
[SourceQuality "1"]
[TimeControl "5400+30"]

1. d4 Nf6 2. Nf3 g6 3. Bg5 Bg7 4. c3 h6 5. Bh4 g5 6. Bg3 d6 7. h3 O-O 8. Nbd2 Bf5 9. e3 Nbd7 10. Be2 c5 11. O-O Bg6 12. a4 cxd4 13. exd4 Nh5 14. Bh2 Nf4 15. Re1 Nxe2+ 16. Qxe2 Re8 17. Qb5 Qc7 18. Rad1 Qc6 19. Qb3 Nb6 20. a5 Nd5 21. c4 Nf4 22. d5 Qc7 23. Bxf4 gxf4 24. Nh4 Bh5 25. Ra1 Bf6 26. Ndf3 b6 27. Re4 bxa5 28. Rxf4 Reb8 29. Qd3 Bg5 30. Nxg5 hxg5 31. Qg3 f6 32. Re4 a4 33. Nf5 e5 34. dxe6 Bg6 35. Qf3 Rb3 36. Re3 Re8 37. Rxb3 axb3 38. Nd4 Qc5 39. Qxf6 Qe5 1-0

[Event "V. Korchnoi Memorial 2019"]
[Site "St. Petersburg"]
[Date "2019.08.22"]
[Round "9.2"]
[White "Zvjaginsev, Vadim"]
[Black "Vokhidov, Shamsiddin"]
[Result "1-0"]
[ECO "E14"]
[WhiteElo "2639"]
[BlackElo "2512"]
[Annotator "ChessBase"]
[PlyCount "73"]
[EventDate "2019.08.13"]
[EventType "swiss"]
[EventCountry "RUS"]
[SourceTitle "playchess.com"]
[Source "ChessBase"]
[SourceQuality "1"]
[TimeControl "5400+30"]

1. d4 Nf6 2. Nf3 d5 3. c4 e6 4. e3 b6 5. Nc3 Bb7 6. cxd5 exd5 7. Bb5+ c6 8. Bd3 Be7 9. O-O O-O 10. b3 Nbd7 11. Bb2 Bd6 12. Rc1 Re8 13. Qc2 Qe7 14. Bf5 g6 15. Bh3 Rad8 16. Ne2 Ne4 17. Bxd7 Rxd7 18. Ne5 Rc7 19. f3 Ng5 20. h4 Ne6 21. h5 Qg5 22. f4 Qxh5 23. f5 Ng7 24. fxg6 hxg6 25. Nf4 Qg5 26. Rf3 Bc8 27. Qf2 Bf5 28. Rf1 Bxe5 29. dxe5 Bg4 30. Rg3 Nf5 31. Qf3 Bxf3 32. Rxg5 Be4 33. e6 Kh7 34. Kf2 fxe6 35. Rxf5 Kg8 36. Rh1 e5 37. Rxe5 1-0

[Event "V. Korchnoi Memorial 2019"]
[Site "St. Petersburg"]
[Date "2019.08.22"]
[Round "9.3"]
[White "Lobanov, Sergei"]
[Black "Lintchevski, Daniil"]
[Result "1/2-1/2"]
[ECO "B33"]
[WhiteElo "2495"]
[BlackElo "2538"]
[Annotator "ChessBase"]
[PlyCount "81"]
[EventDate "2019.08.13"]
[EventType "swiss"]
[EventCountry "RUS"]
[SourceTitle "playchess.com"]
[Source "ChessBase"]
[SourceQuality "1"]
[TimeControl "5400+30"]

1. e4 c5 2. Nf3 Nc6 3. d4 cxd4 4. Nxd4 Nf6 5. Nc3 e5 6. Ndb5 d6 7. Nd5 Nxd5 8. exd5 Ne7 9. c4 Ng6 10. Qa4 Bd7 11. Qb4 Qb8 12. h4 h5 13. Be2 a6 14. Nc3 Ne7 15. a4 Nf5 16. a5 Be7 17. Na4 Bxa4 18. Qxa4+ Kf8 19. g3 Nd4 20. Bd3 Qc8 21. Be3 Qg4 22. Qd1 Qd7 23. O-O g6 24. Kg2 Kg7 25. Bxd4 exd4 26. b4 Rac8 27. Qf3 Rc7 28. Rfc1 Rhc8 29. Ra2 Bf6 30. Be2 Qe8 31. Qd3 Kg8 32. Bf3 Bg7 33. Rb2 Qd7 34. Rbc2 Qa4 35. Rb1 Qd7 36. Rb3 Qe7 37. Rb1 Qd7 38. Qb3 Bf8 39. Rd1 Bg7 40. Rb1 Bf8 41. Rd1 1/2-1/2

[Event "V. Korchnoi Memorial 2019"]
[Site "St. Petersburg"]
[Date "2019.08.22"]
[Round "9.4"]
[White "Hamitevici, Vladimir"]
[Black "Iljiushenok, Ilia"]
[Result "1/2-1/2"]
[ECO "E63"]
[WhiteElo "2480"]
[BlackElo "2533"]
[Annotator "ChessBase"]
[PlyCount "84"]
[EventDate "2019.08.13"]
[EventType "swiss"]
[EventCountry "RUS"]
[SourceTitle "playchess.com"]
[Source "ChessBase"]
[SourceQuality "1"]
[TimeControl "5400+30"]

1. g3 Nf6 2. Nf3 g6 3. Bg2 Bg7 4. O-O O-O 5. d4 d6 6. c4 Nc6 7. Nc3 Rb8 8. b3 a6 9. Bb2 b5 10. Ne1 Bd7 11. c5 e6 12. Rc1 Ne7 13. Nd3 b4 14. Nb1 d5 15. Ne5 Bb5 16. a4 bxa3 17. Nxa3 Nd7 18. Nf3 c6 19. Bc3 Qc7 20. Qd2 Nf6 21. Ba5 Qb7 22. Rfd1 Nf5 23. e3 h5 24. Ra1 h4 25. Qe1 hxg3 26. hxg3 Ng4 27. Bh3 Nf6 28. Ra2 Ra8 29. Bg2 Nd7 30. Bh3 Nf6 31. Kg2 Rfe8 32. Qh1 Ne4 33. Qe1 Bf6 34. Bb6 Kg7 35. Nxb5 cxb5 36. Rda1 Rh8 37. Qa5 Rhc8 38. Rh1 Ne7 39. Qe1 Nc6 40. Ng1 Bd8 41. Bxd8 Rxd8 42. f3 Nf6 1/2-1/2

[Event "V. Korchnoi Memorial 2019"]
[Site "St. Petersburg"]
[Date "2019.08.22"]
[Round "9.5"]
[White "Chigaev, Maksim"]
[Black "Yatzenko, Anton"]
[Result "1-0"]
[ECO "B23"]
[WhiteElo "2643"]
[BlackElo "2360"]
[Annotator "ChessBase"]
[PlyCount "69"]
[EventDate "2019.08.13"]
[EventType "swiss"]
[EventCountry "RUS"]
[SourceTitle "playchess.com"]
[Source "ChessBase"]
[SourceQuality "1"]
[TimeControl "5400+30"]

1. e4 c5 2. Nc3 Nc6 3. Nge2 Nf6 4. g3 d5 5. exd5 Nxd5 6. Bg2 Nc7 7. O-O g6 8. d3 Bg7 9. Ne4 Ne6 10. Nf4 Qb6 11. c3 Nxf4 12. Bxf4 f5 13. Ng5 h6 14. Nf3 Qxb2 15. d4 cxd4 16. cxd4 Nxd4 17. Rb1 Ne2+ 18. Kh1 Nc3 19. Rxb2 Nxd1 20. Rc2 Nc3 21. Rfc1 Bd7 22. Rxc3 Bxc3 23. Rxc3 Rc8 24. Rxc8+ Bxc8 25. Ne5 g5 26. Be3 Be6 27. Bxb7 Bxa2 28. Bxa7 O-O 29. Kg1 Rd8 30. Bf3 Bd5 31. Bb6 Rd6 32. Bc7 Rd7 33. Nxd7 Bxf3 34. Ne5 Bd5 35. Bd8 1-0

[Event "V. Korchnoi Memorial 2019"]
[Site "St. Petersburg"]
[Date "2019.08.22"]
[Round "9.6"]
[White "Gasanov, Eldar"]
[Black "Gareyev, Timur"]
[Result "1/2-1/2"]
[ECO "E70"]
[WhiteElo "2475"]
[BlackElo "2600"]
[Annotator "ChessBase"]
[PlyCount "69"]
[EventDate "2019.08.13"]
[EventType "swiss"]
[EventCountry "RUS"]
[SourceTitle "playchess.com"]
[Source "ChessBase"]
[SourceQuality "1"]
[TimeControl "5400+30"]

1. d4 Nf6 2. c4 g6 3. Nc3 Bg7 4. e4 O-O 5. Bg5 c5 6. d5 d6 7. Bd3 h6 8. Bf4 e5 9. Bd2 Na6 10. Nf3 Nb4 11. Be2 Nh7 12. a3 Na6 13. Qc1 h5 14. O-O Bg4 15. h3 Bxf3 16. Bxf3 Bf6 17. Be2 Qe7 18. Nd1 Bg5 19. Ne3 h4 20. Bd3 Kh8 21. Qc3 Bf4 22. Rfe1 Nf6 23. b4 Bg5 24. Rab1 Kh7 25. Rb2 Bf4 26. Qc2 Kg7 27. Reb1 Rh8 28. Be2 Nh7 29. Qd3 Qg5 30. Bd1 Rad8 31. Ba4 Nf6 32. Bb5 Nc7 33. Ba4 Na6 34. Bb5 Nc7 35. Ba4 1/2-1/2

[Event "V. Korchnoi Memorial 2019"]
[Site "St. Petersburg"]
[Date "2019.08.22"]
[Round "9.7"]
[White "Goganov, Aleksey"]
[Black "Mokshanov, Alexey"]
[Result "1-0"]
[ECO "A17"]
[WhiteElo "2564"]
[BlackElo "2447"]
[Annotator "ChessBase"]
[PlyCount "185"]
[EventDate "2019.08.13"]
[EventType "swiss"]
[EventCountry "RUS"]
[SourceTitle "playchess.com"]
[Source "ChessBase"]
[SourceQuality "1"]
[TimeControl "5400+30"]

1. Nf3 d5 2. e3 Nf6 3. c4 e6 4. Nc3 c5 5. cxd5 Nxd5 6. Bc4 Nxc3 7. bxc3 Be7 8. O-O O-O 9. d4 b6 10. e4 Nc6 11. Be3 Bb7 12. Qe2 cxd4 13. cxd4 Rc8 14. Rfd1 Nb4 15. a3 Nc2 16. Qxc2 Ba6 17. Ne5 Bxc4 18. Qa4 b5 19. Qxa7 Ra8 20. Qb7 Bxa3 21. Nc6 Qe8 22. Bf4 Kh8 23. Nb8 Ra4 24. Nd7 Qe7 25. Qc6 Rg8 26. Ne5 h6 27. Nxc4 Rxc4 28. Qxb5 Rgc8 29. Be3 Bd6 30. e5 Bb8 31. Ra8 Ba7 32. Qxc4 Rxa8 33. Ra1 Rd8 34. h3 Qb7 35. Kh2 Rd5 36. Ra4 Qd7 37. Rb4 Kg8 38. Qc3 Qd8 39. Rc4 Qh4 40. Rc8+ Rd8 41. g3 Qe7 42. Rc6 Qd7 43. Rd6 Qe7 44. Qa5 Rd7 45. Qa4 Rc7 46. h4 Bb8 47. Rb6 Ba7 48. Rd6 Bb8 49. Rb6 Ba7 50. Ra6 Qd7 51. Qa3 Rb7 52. Qa2 Qc7 53. Ra4 Qd7 54. Ra6 Qc7 55. Qe2 Qb8 56. Qg4 Kh8 57. Qe4 Rb4 58. Rd6 Qe8 59. Ra6 Qd7 60. Qa8+ Bb8 61. Rd6 Qb7 62. Rd8+ Kh7 63. Qxb7 Rxb7 64. Kg2 Kg6 65. Kf3 h5 66. Ke4 Kh7 67. Re8 Ba7 68. f3 Rd7 69. g4 hxg4 70. fxg4 Bb6 71. h5 Ba7 72. g5 g6 73. h6 Bb6 74. Rb8 Ba7 75. Rb5 Kg8 76. Rb4 Kh7 77. Bd2 Kg8 78. Rc4 Bb6 79. Rb4 Ba7 80. Bc3 Kh7 81. Ra4 Bb6 82. Ra6 Rb7 83. Ba5 Bxa5 84. Rxa5 Rd7 85. Ra8 Rb7 86. Rf8 Rd7 87. Kd3 Rc7 88. Kd2 Rd7 89. Kc3 Rc7+ 90. Kb4 Rb7+ 91. Kc5 Rc7+ 92. Kd6 Ra7 93. Kc6 1-0

[Event "V. Korchnoi Memorial 2019"]
[Site "St. Petersburg"]
[Date "2019.08.22"]
[Round "9.8"]
[White "Mohammad Nubairshah Shaikh"]
[Black "Stupak, Kirill"]
[Result "0-1"]
[ECO "D35"]
[WhiteElo "2442"]
[BlackElo "2561"]
[Annotator "ChessBase"]
[PlyCount "116"]
[EventDate "2019.08.13"]
[EventType "swiss"]
[EventCountry "RUS"]
[SourceTitle "playchess.com"]
[Source "ChessBase"]
[SourceQuality "1"]
[TimeControl "5400+30"]

1. Nf3 d5 2. d4 Nf6 3. c4 e6 4. Nc3 c6 5. Bg5 Nbd7 6. cxd5 exd5 7. e3 h6 8. Bh4 g5 9. Bg3 Nh5 10. Be5 Ng7 11. Bd3 g4 12. Bxg7 Bxg7 13. Ng1 Nb6 14. Nge2 h5 15. Na4 Nc4 16. Bxc4 dxc4 17. Qc2 Qa5+ 18. Nac3 Bf5 19. Qa4 Qxa4 20. Nxa4 Bf8 21. f3 Bh6 22. Kf2 O-O-O 23. e4 Bg6 24. b3 cxb3 25. axb3 b6 26. Nb2 Kb7 27. Nc4 f6 28. Ra2 Bf7 29. Rha1 a5 30. Rd1 Rhe8 31. Ng3 gxf3 32. gxf3 Bf4 33. Re2 a4 34. Rb2 axb3 35. Ne3 c5 36. d5 Bxe3+ 37. Kxe3 Bxd5 38. Rbd2 b2 39. Rxb2 Bf7 40. Rdb1 Re6 41. Rc1 Rc6 42. Nf5 Rd7 43. Rg1 Bc4 44. Rd2 Rxd2 45. Kxd2 b5 46. Rg7+ Kb6 47. Rh7 Rc7 48. Rh6 Rd7+ 49. Kc2 Ka5 50. Rxf6 Kb4 51. Rd6 Ra7 52. Ne3 Ra2+ 53. Kd1 Be2+ 54. Kc1 Bxf3 55. Nd5+ Kb3 56. Rb6 b4 57. Nf6 Rc2+ 58. Kb1 Rd2 0-1

[Event "V. Korchnoi Memorial 2019"]
[Site "St. Petersburg"]
[Date "2019.08.22"]
[Round "9.9"]
[White "Vorobiov, Evgeny E."]
[Black "Faizrakhmanov, Ramil"]
[Result "1-0"]
[ECO "E12"]
[WhiteElo "2560"]
[BlackElo "2440"]
[Annotator "ChessBase"]
[PlyCount "95"]
[EventDate "2019.08.13"]
[EventType "swiss"]
[EventCountry "RUS"]
[SourceTitle "playchess.com"]
[Source "ChessBase"]
[SourceQuality "1"]
[TimeControl "5400+30"]

1. d4 Nf6 2. c4 e6 3. Nf3 b6 4. a3 Ba6 5. Qc2 Bb7 6. Nc3 c5 7. e4 cxd4 8. Nxd4 Bc5 9. Nb3 Nc6 10. Bg5 h6 11. Bh4 O-O 12. Rd1 Be7 13. Be2 d6 14. O-O a6 15. Bg3 Qc7 16. Nd5 exd5 17. cxd5 Rfc8 18. dxc6 Qxc6 19. Qxc6 Bxc6 20. Bxd6 Bxd6 21. Rxd6 Nxe4 22. Rd4 Nf6 23. Rfd1 a5 24. f3 Kf8 25. Kf2 Ke7 26. Nd2 Bd5 27. Nc4 Bxc4 28. Bxc4 Rc5 29. a4 Rac8 30. b3 R5c6 31. h4 Rc5 32. g4 g5 33. Kg3 R8c7 34. Re1+ Kf8 35. Rd6 gxh4+ 36. Kxh4 R5c6 37. Rd8+ Kg7 38. Re5 Nd7 39. Re7 Nc5 40. Ree8 Nb7 41. Rg8+ Kf6 42. Rd5 Nd6 43. Bb5 Nxb5 44. Rxb5 Rd6 45. Kh5 Rc1 46. Kxh6 Rh1+ 47. Rh5 Rb1 48. Re8 1-0

[Event "V. Korchnoi Memorial 2019"]
[Site "St. Petersburg"]
[Date "2019.08.22"]
[Round "9.10"]
[White "Belyakov, Bogdan"]
[Black "Vlasenko, Miroslav"]
[Result "0-1"]
[ECO "B22"]
[WhiteElo "2505"]
[BlackElo "2419"]
[Annotator "ChessBase"]
[PlyCount "122"]
[EventDate "2019.08.13"]
[EventType "swiss"]
[EventCountry "RUS"]
[SourceTitle "playchess.com"]
[Source "ChessBase"]
[SourceQuality "1"]
[TimeControl "5400+30"]

1. e4 Nf6 2. e5 Nd5 3. c4 Nb6 4. c5 Nd5 5. Bc4 e6 6. d4 d6 7. cxd6 cxd6 8. Nf3 Nc6 9. O-O Be7 10. Qe2 Nb6 11. Bb3 O-O 12. Nc3 d5 13. Bc2 f5 14. exf6 Bxf6 15. Rd1 Nc4 16. b3 Nd6 17. Ba3 a5 18. Nb5 Nb4 19. Nxd6 Qxd6 20. Ne5 Bxe5 21. dxe5 Qa6 22. Bd3 Qb6 23. Bxb4 axb4 24. Rd2 Rf7 25. Qh5 g6 26. Qe2 Bd7 27. Re1 Rc8 28. h4 Rcf8 29. Rf1 Rf4 30. g3 Rf3 31. Kg2 Bc6 32. Qxf3 Rxf3 33. Kxf3 Qd4 34. Re1 Qc3 35. Ke2 Qxe5+ 36. Kf1 Qc3 37. Rdd1 e5 38. Re3 Qb2 39. Re2 Qd4 40. Ree1 Qg4 41. Kg1 d4 42. Rc1 Qf3 43. Rxc6 bxc6 44. Bc4+ Kf8 45. Rxe5 d3 46. Re3 Qd1+ 47. Kg2 d2 48. Be2 Qc2 49. Rf3+ Ke7 50. Rf4 c5 51. Rc4 Qc1 52. h5 gxh5 53. Bxh5 Kd6 54. Rh4 d1=Q 55. Bxd1 Qxd1 56. Rxh7 Qd5+ 57. Kg1 Qa8 58. Rh6+ Kc7 59. g4 Qxa2 60. g5 Qb1+ 61. Kg2 Qf5 0-1